 Dungeon Crawl Stone Soup version 0.30-b1-2-g02819fbbbe (webtiles) character file.

Game seed: 4674304982875336263

86 redmage the Digger (level 5, -2/38 HPs)
             Began as a Meteoran Earth Elementalist on Aug 2, 2023.
             Slain by a gnoll
             ... wielding a +0 spear
              (9 damage)
             ... on level 5 of the Dungeon.
             The game lasted 00:03:10 (284 turns).

redmage the Digger (Meteoran Earth Elementalist)     Turns: 284, Time: 00:03:11

Health: -2/38      AC:  2    Str:  9    XL:     5   Next: 7%
Magic:  5/11       EV: 12    Int: 18    God:
Gold:   10         SH:  0    Dex: 15    Spells: 4/10 levels left

rFire   . . .        (no weapon)
rCold   . . .        (no shield)
rNeg    . . .        a - +0 robe
rPois   .            (no helmet)
rElec   .            (no cloak)
rCorr   .            (no gloves)
SInv    .            (no boots)
Will    .....        (no amulet)
Stlth   +            (no ring)
HPRegen 0.26/turn    (no ring)
MPRegen 0.12/turn

%: no passive effects
@: glowing
A: sense surroundings 1, otherworldly, glowing, explore regen
a: no special abilities


You were on level 5 of the Dungeon.
You visited 1 branch of the dungeon, and saw 5 of its levels.

You collected 10 gold pieces.

Inventory:

Armour
 a - a +0 robe (worn)
Wands
 e - a wand of paralysis (9)
Potions
 b - a potion of magic
 d - 2 potions of curing
 g - a potion of resistance


   Skills:
 - Level 2.4 Dodging
 - Level 1.4 Stealth
 - Level 3.4 Spellcasting
 * Level 1.4 Conjurations
 - Level 2.3 Transmutations
 * Level 5.0 Earth Magic


You had 4 spell levels left.
You knew the following spells:

 Your Spells              Type           Power      Damage    Failure   Level
a - Sandblast             Erth           42%        2d11      1%          1
b - Passwall              Tmut/Erth      13%        N/A       5%          2
c - Stone Arrow           Conj/Erth      28%        3d8       12%         3

Your spell library contained the following spells:

 Spells                   Type           Power      Damage    Failure   Level
 Petrify                  Tmut/Erth      16%        N/A       34%         4


Dungeon Overview and Level Annotations

Branches:
Dungeon (5/15) Zot: 2705
 Temple: D:4-7

Altars:


Innate Abilities, Weirdness & Mutations

You passively map a small area around you.
You are easily found by Zot.
You glow in the dark.
You regain HP and MP as you explore.


Message History

Confirm with . or Enter, or press ? or * to list all spells.
Aiming: Passwall (safe; 5% risk of failure)
Press: ? - help, Dir - move target A rock wall.
This rock feels extremely deep.
The gnoll closely misses you.
Unknown command.
Unknown command.
Unknown command.
Casting: Passwall (safe; 5% risk of failure)
Confirm with . or Enter, or press ? or * to list all spells.
Aiming: Sandblast (safe; 1% risk of failure)
Press: ? - help, Shift-Dir - straight line, f - gnoll
Aim: a gnoll, wielding a +0 flail (85% to hit)
The blast of sand hits the gnoll.
The gnoll is moderately wounded.
The gnoll hits you from afar with a +0 spear.
The gnoll hits you with a +0 flail!
The gnoll hits you from afar with a +0 spear.
Unknown command.
Casting: Sandblast (safe; 1% risk of failure)
Confirm with . or Enter, or press ? or * to list all spells.
Aiming: Sandblast (safe; 1% risk of failure)
Press: ? - help, Shift-Dir - straight line, f/p - gnoll
Aim: a gnoll, wielding a +0 flail (moderately wounded, 85% to hit)
The blast of sand hits the gnoll!
You kill the gnoll!
The gnoll barely misses you. The gnoll hits you with a +0 flail.
The gnoll hits you from afar with a +0 spear.
* * * LOW HITPOINT WARNING * * *
Your Earth Magic skill increases to level 5!
You have reached level 5!
Casting: Sandblast (safe; 1% risk of failure)
Confirm with . or Enter, or press ? or * to list all spells.
Aiming: Sandblast (safe; 1% risk of failure)
Press: ? - help, Shift-Dir - straight line, f - gnoll
Aim: a gnoll, wielding a +0 flail (85% to hit)
The blast of sand hits the gnoll!
You kill the gnoll!
The gnoll hits you from afar with a +0 spear!
You die...

, ,, , * *
, , , , , ,
, * , , .
*#####....
,
*#@)g.....
#)....... ,
, ,
#..g..... ,
,, ,
#........ ,
,,+........
, * *
#........
**
......### *
, ......#
,, , , , *


You could see 2 gnolls.

Vanquished Creatures
  A howler monkey (D:4)
  An iguana (D:4)
  2 gnolls (D:5)
  A worm (D:4)
  A ball python (D:4)
  An endoplasm (D:1)
  A giant cockroach (D:4)
  2 hobgoblins
  A rat (D:3)
11 creatures vanquished.

Notes
Turn   | Place    | Note
-------+----------+-------------------------------------------
     0 | D:1      | redmage the Meteoran Earth Elementalist began the quest for
                  | the Orb.
     0 | D:1      | Reached XP level 1. HP: 14/14 MP: 5/5
   214 | D:4      | Noticed a howler monkey
   219 | D:4      | Killed a howler monkey
   220 | D:4      | Reached skill level 4 in Earth Magic
   220 | D:4      | Reached XP level 2. HP: 20/20 MP: 5/7
   220 | D:4      | Reached XP level 3. HP: 26/26 MP: 5/8
   220 | D:4      | Reached XP level 4. HP: 33/33 MP: 6/10
   233 | D:4      | Learned a level 2 spell: Passwall
   246 | D:4      | Learned a level 3 spell: Stone Arrow
   250 | D:4      | Reached skill level 1 in Conjurations
   264 | D:5      | Entered Level 5 of the Dungeon
   284 | D:5      | Reached skill level 5 in Earth Magic
   284 | D:5      | Reached XP level 5. HP: 7/38 MP: 6/11
   284 | D:5      | Slain by a gnoll

Illustrated notes

Levels and vault maps discovered:
D:1:      matt_arrival_diagonals, layout_basic
D:2:      layout_basic, serial_shops, nicolae_shop_gaudy_bauble, shop, shop,
          chequers_serial_rivers_small_3, kennysheep_nub
D:3:      layout_basic, serial_shops, shop_fountains, minmay_box_of_dots
D:4:      layout_loops_ring, kennysheep_little_box
D:5:      layout_gridville, old_standard_altar, gup_sewer_entry_bowl,
          minmay_manual_moon

Skill      XL: |  1  2  3  4 |
---------------+-------------+-----
Spellcasting   | 3 |  3.4
Transmutations | 2 |  2.3
Earth Magic    | 4 5 |  5.0
Conjurations   | 1 |  1.4
Dodging        | |  2.4
Stealth        | |  1.4

Action                     |  1- 3 |  4- 6 || total
---------------------------+-------+-------++-------
   Cast: Sandblast         |     5 |    15 ||    20
         Passwall          |       |     1 ||     1
    Use: Scroll            |     1 |     2 ||     3
  Dodge: Dodged            |       |     3 ||     3
